 Dungeon Crawl Stone Soup version 0.21.0-3-g78d12a8 (console) character file.

28679 nht the Sharpshooter (level 13, -5/116 HPs)
             Began as a Minotaur Hunter on Jan 10, 2018.
             Was the Champion of Okawaru.
             Slain by a six-headed hydra (6 damage)
             ... on level 6 of the Lair of Beasts.
             The game lasted 00:22:27 (13504 turns).

nht the Sharpshooter (Minotaur Hunter)             Turns: 13504, Time: 00:22:28

Health: -5/116     AC: 11    Str: 23    XL:     13   Next: 11%
Magic:  18/18      EV:  2    Int:  8    God:    Okawaru [******]
Gold:   873        SH:  0    Dex: 19    Spells: 12/12 levels left

rFire    + + +     SeeInvis .   a - +6 triple xbow {penet, rPois rF+++ Dex+9 Stlth-}
rCold    . . .     Gourm    .   (shield currently unavailable)
rNeg     + + +     Faith    .   A - +2 scale mail {rPois}
rPois    ∞         Spirit   .   (helmet restricted)
rElec    .         Reflect  .   (no cloak)
rCorr    +         Harm     .   x - +0 pair of gloves
MR       .....                  u - +1 pair of boots
Stlth    ..........             (no amulet)
HPRegen  0.29/turn              F - ring of resist corrosion
MPRegen  0.16/turn              p - ring of protection from fire

@: lethally poisoned (-5 -> -5), petrified
A: retaliatory headbutt, horns 2
a: Heroism, Finesse, Renounce Religion


You were on level 6 of the Lair of Beasts.
You worshipped Okawaru.
Okawaru was exalted by your worship.
You were not hungry.

You visited 3 branches of the dungeon, and saw 18 of its levels.

You collected 1110 gold pieces.
You spent 237 gold pieces at shops.

Inventory:

Hand Weapons
 a - the +6 triple crossbow "Nygrokae" (weapon) {penet, rPois rF+++ Dex+9 Stlth-}
   (Okawaru gifted it to you on level 2 of the Lair of Beasts)

   Ammo fired by it will pass through the targets it hits, potentially hitting
   all targets in its path until it reaches maximum range.
   It affects your dexterity (+9).
   It renders you almost immune to fire.
   It protects you from poison.
   It makes you less stealthy.
Missiles
 d - 206 bolts (quivered)
Armour
 u - a +1 pair of boots (worn)
 x - a +0 pair of gloves (worn)
 A - a +2 scale mail of poison resistance (worn)
 U - a +3 ring mail of fire resistance
Jewellery
 p - a ring of protection from fire (right hand)
 s - an uncursed ring of poison resistance
 F - a ring of resist corrosion (left hand)
 X - an uncursed ring of protection from cold {unknown}
Wands
 g - a wand of clouds (2)
 l - a wand of polymorph (6)
 t - a wand of digging (11)
 D - a wand of random effects (55)
 L - a wand of acid (16)
 M - a wand of enslavement (36)
Scrolls
 b - a scroll of brand weapon
 c - a scroll of enchant weapon
 e - 17 scrolls of identify
 i - 12 scrolls of remove curse
 k - 4 scrolls of fear
 m - 3 scrolls of magic mapping
 y - 4 scrolls of immolation
 B - a scroll of silence
 E - 2 scrolls of enchant armour
 J - 3 scrolls of vulnerability
 N - 4 scrolls of teleportation
 O - 2 scrolls of blinking
 Y - a scroll of torment
Potions
 h - 2 potions of magic
 n - 3 potions of heal wounds
 o - 2 potions of cancellation
 q - 11 potions of curing
 r - a potion of might
 w - 2 potions of haste
 z - a potion of agility
 C - 4 potions of brilliance
 G - 3 potions of mutation
 H - 2 potions of invisibility
 I - 3 potions of ambrosia
 T - a potion of berserk rage
 V - 2 potions of resistance
 W - 2 potions of flight
Books
 j - a book of Frost

   Spells                             Type                      Level
   a - Freeze                         Ice                          1
   b - Throw Frost                    Conjuration/Ice              2
   c - Ozocubu's Armour               Charms/Ice                   3
   d - Throw Icicle                   Conjuration/Ice              4
   e - Summon Ice Beast               Ice/Summoning                4
 v - a book of Misfortune

   Spells                             Type                      Level
   a - Confusing Touch                Hexes                        1
   b - Confuse                        Hexes                        3
   c - Gell's Gravitas                Translocation                3
   d - Petrify                        Transmutation/Earth          4
   e - Metabolic Englaciation         Hexes/Ice                    5
   f - Yara's Violent Unravelling     Hexes/Transmutation          5
 K - a book of Cantrips

   Spells                             Type                      Level
   a - Confusing Touch                Hexes                        1
   b - Animate Skeleton               Necromancy                   1
   c - Summon Small Mammal            Summoning                    1
   d - Apportation                    Translocation                1
 R - a book of Enchantments

   Spells                             Type                      Level
   a - Cause Fear                     Hexes                        4
   b - Yara's Violent Unravelling     Hexes/Transmutation          5
   c - Silence                        Hexes/Air                    5
   d - Deflect Missiles               Charms/Air                   6
   e - Discord                        Hexes                        8
 S - a book of Geomancy

   Spells                             Type                      Level
   a - Sandblast                      Earth                        1
   b - Passwall                       Transmutation/Earth          2
   c - Stone Arrow                    Conjuration/Earth            3
   d - Petrify                        Transmutation/Earth          4
   e - Lee's Rapid Deconstruction     Earth                        5
 Z - a book of Power

   Spells                             Type                      Level
   a - Iskenderun's Battlesphere      Conjuration/Charms           5
   b - Venom Bolt                     Conjuration/Poison           5
   c - Bolt of Magma                  Conjuration/Fire/Earth       5
   d - Iron Shot                      Conjuration/Earth            6
   e - Orb of Destruction             Conjuration                  7
   f - Spellforged Servitor           Conjuration/Summoning        7
Miscellaneous
 P - a box of beasts
Comestibles
 f - 39 rations
 Q - 11 chunks of flesh


   Skills:
 - Level 11.0 Fighting
 * Level 19.0 Crossbows
 - Level 2.1 Dodging
 - Level 0.7 Stealth
 - Level 9.1 Invocations


You had 12 spell levels left.
You didn't know any spells.

Dungeon Overview and Level Annotations

Branches:
Dungeon (11/15)            Temple (1/1) D:6            Lair (6/6) D:9
 Shoals (0/4) Lair:4        Snake (0/4) Lair:2        Slime (0/5) Lair:5
    Orc (0/2) D:10

Altars:
Ashenzari
Cheibriados
Dithmenos
Elyvilon
Fedhas
Gozag
Hepliaklqana
Kikubaaqudgha
Makhleb
Nemelex Xobeh
Okawaru
Qazlal
Ru
Sif Muna
Trog
Uskayaw
Vehumet
Wu Jian
Xom
Yredelemnul
Zin
The Shining One

Shops:
D:5 %   D:6 *   D:11 :}}


Innate Abilities, Weirdness & Mutations

You reflexively headbutt those who attack you in melee.
You have a pair of horns on your head.


Message History

The six-headed hydra bites you.
* * * LOW HITPOINT WARNING * * *
The six-headed hydra bites you.
* * * LOW HITPOINT WARNING * * *
The six-headed hydra bites you!
* * * LOW HITPOINT WARNING * * *
The seven-headed hydra roars!
The electric eel shoots out a bolt of lightning at you!
The bolt of electricity hits you!
* * * LOW HITPOINT WARNING * * *
The water moccasin bites you but does no damage.
The six-headed hydra bites you!
* * * LOW HITPOINT WARNING * * *
The six-headed hydra bites you but does no damage.
The six-headed hydra bites you. x2
* * * LOW HITPOINT WARNING * * *
The six-headed hydra bites you!
* * * LOW HITPOINT WARNING * * *
The six-headed hydra bites you!
You die...

.........
........P
........█
........██
≈≈≈≈≈≈≈..███
≈≈≈≈≈≈≈....██P.
≈≈≈≈≈≈S........
≈≈≈≈≈≈≈@.......
≈≈≈≈;≈;D.(.P...
≈≈≈≈≈≈≈l.██....
≈≈≈≈≈≈≈..P ...
≈≈≈≈≈≈≈.... .
............
....D...P██..
█......... ...


You could see a seven-headed hydra, a six-headed hydra, a basilisk, a water
moccasin and 2 electric eels.

Vanquished Creatures
  4 hydras
  Harold (Lair:3)
  5 two-headed ogres
  An unseen horror (D:11)
  Joseph (Lair:1)
  4 black mambas
  A manticore (Lair:4)
  The ghost of bmj180 the Shield-Bearer, a novice MiFi of Okawaru (D:6)
  3 spiny frogs
  A gargoyle (D:11)
  5 komodo dragons
  A rime drake (Lair:3)
  A polar bear (Lair:5)
  2 trolls (D:10)
  14 blink frogs
  6 hippogriffs
  Sigmund (D:6)
  A shadow (D:7)
  14 yaks (Lair:2)
  A wraith (D:11)
  A vampire (D:10)
  Eustachio (D:5)
  A steam dragon (D:10)
  A basilisk (Lair:2)
  Menkaure (D:5)
  7 water moccasins
  2 nagas (Lair:2)
  8 porcupines
  Duvessa (D:5)
  4 sky beasts
  An orc warrior (D:8)
  A swamp drake (D:9)
  4 ice beasts
  A necrophage (D:10)
  2 phantoms
  5 ogres
  14 wolves
  4 centaurs
  8 crocodiles
  3 big kobolds
  12 bullfrogs
  A gnoll sergeant (D:9)
  A wyvern zombie (D:8)
  Dowan (D:5)
  5 scorpions
  5 killer bees (D:7)
  A water moccasin skeleton (D:10)
  4 electric eels
  2 howler monkeys
  A crimson imp (D:6)
  2 centaur zombies (D:7)
  5 jellies
  3 orc priests
  6 hounds
  2 centaur skeletons
  13 orc wizards
  A bullfrog skeleton (D:11)
  2 bullfrog zombies (D:7)
  8 iguanas
  Ijyb (D:3)
  Terence (D:3)
  2 hell rats (Lair:5)
  9 worker ants
  A hound skeleton (D:7)
  Robin (D:3)
  A howler monkey skeleton (D:6)
  5 gnolls (D:9)
  10 adders
  6 river rats (Lair:5)
  3 shadow imps
  3 oozes (Lair:5)
  An adder zombie (D:7)
  2 adder skeletons
  7 worms
  2 dart slugs (D:2)
  7 leopard geckos
  34 orcs
  3 ball pythons
  8 bats
  6 giant cockroaches
  18 goblins
  6 hobgoblins
  5 jackals
  17 kobolds
  6 quokkas
  7 frilled lizards
  A quokka skeleton (D:6)
  13 rats
  A butterfly (Lair:4)
  2 fungi (Lair:3)
402 creatures vanquished.

Vanquished Creatures (others)
  A spiny frog (Lair:5)
  A bullfrog (Lair:5)
  A plant (Lair:5)
3 creatures vanquished.

Grand Total: 405 creatures vanquished

Notes
Turn   | Place    | Note
-------+----------+-------------------------------------------
     0 | D:1      | nht the Minotaur Hunter began the quest for the Orb.
     0 | D:1      | Reached XP level 1. HP: 18/18 MP: 0/0
     8 | D:1      | Noticed an electric eel
   120 | D:1      | Reached XP level 2. HP: 25/25 MP: 1/1
   198 | D:1      | Reached skill level 5 in Crossbows
   926 | D:2      | Reached XP level 3. HP: 30/30 MP: 2/2
  1161 | D:2      | Found a glowing golden altar of the Shining One.
  1212 | D:2      | Reached skill level 6 in Crossbows
  1299 | D:2      | Reached XP level 4. HP: 23/37 MP: 3/3
  1832 | D:3      | Noticed Ijyb
  1841 | D:3      | Killed Ijyb
  2035 | D:3      | Reached skill level 7 in Crossbows
  2035 | D:3      | Reached XP level 5. HP: 36/42 MP: 4/4
  2072 | D:3      | Found a radiant altar of Vehumet.
  2214 | D:3      | Noticed Terence
  2228 | D:3      | Killed Terence
  2266 | D:3      | Noticed Robin
  2289 | D:3      | Killed Robin
  2355 | D:3      | Noticed a moth of wrath
  2358 | D:3      | Found a bloodstained altar of Trog.
  2749 | D:4      | Reached skill level 8 in Crossbows
  2749 | D:4      | Reached XP level 6. HP: 15/50 MP: 5/5
  3545 | D:5      | Entered Level 5 of the Dungeon
  3619 | D:5      | Noticed Dowan
  3620 | D:5      | Noticed Duvessa
  3632 | D:5      | Killed Dowan
  3649 | D:5      | Noticed Eustachio
  3678 | D:5      | Killed Eustachio
  3678 | D:5      | Reached skill level 9 in Crossbows
  3678 | D:5      | Reached XP level 7. HP: 56/56 MP: 6/6
  3690 | D:5      | Killed Duvessa
  3695 | D:5      | Reached skill level 10 in Crossbows
  3800 | D:5      | Got a thick robe
  3884 | D:5      | Noticed Menkaure
  3902 | D:5      | Killed Menkaure
  3902 | D:5      | Reached skill level 11 in Crossbows
  3902 | D:5      | Reached XP level 8. HP: 27/62 MP: 7/7
  3917 | D:5      | Found Laesuol's Food Shoppe.
  4334 | D:6      | Found a staircase to the Ecumenical Temple.
  4346 | Temple   | Entered the Ecumenical Temple
  4399 | Temple   | Became a worshipper of Warmaster Okawaru
  4405 | D:6      | Noticed bmj180's ghost (novice MiFi)
  4411 | D:6      | Killed bmj180's ghost
  4486 | D:6      | Reached * piety under Okawaru
  4486 | D:6      | Reached skill level 12 in Crossbows
  4619 | D:6      | Found Bioqul's Assorted Antiques.
  4622 | D:6      | Bought a fluorescent wand for 96 gold pieces
  4622 | D:6      | Bought a blue potion for 21 gold pieces
  4622 | D:6      | Bought a knobbly emerald ring for 120 gold pieces
  4738 | D:6      | Noticed Sigmund
  4748 | D:6      | Killed Sigmund
  4764 | D:6      | Found a sacrificial altar of Ru.
  5137 | D:6      | Reached skill level 13 in Crossbows
  5144 | D:6      | Reached XP level 9. HP: 68/68 MP: 8/8
  5357 | D:7      | Reached ** piety under Okawaru
  5478 | D:7      | Found a shimmering altar of Xom.
  5478 | D:7      | Found a stormy altar of Qazlal.
  5479 | D:7      | Found a deep blue altar of Sif Muna.
  5501 | D:7      | Found a snail-covered altar of Cheibriados.
  5561 | D:7      | Reached skill level 1 in Invocations
  5785 | D:7      | Found a sparkling altar of Nemelex Xobeh.
  5793 | D:7      | Found a shadowy altar of Dithmenos.
  5945 | D:7      | Found a transporter.
  5952 | D:7      | Found a transporter.
  6004 | D:7      | Identified the cursed +1 robe of Elitism {rC+ Int+8 SInv} (You found it on level 5 of the Dungeon)
  6056 | D:7      | Reached *** piety under Okawaru
  6187 | D:8      | Reached skill level 14 in Crossbows
  6345 | D:8      | Received a gift from Okawaru
  6345 | D:8      | Reached skill level 5 in Fighting
  6674 | D:8      | Noticed a two-headed ogre
  6677 | D:8      | Killed a two-headed ogre
  6677 | D:8      | Reached XP level 10. HP: 83/83 MP: 8/12
  6843 | D:9      | Reached **** piety under Okawaru
  7285 | D:9      | Found a staircase to the Lair.
  7292 | D:9      | Noticed a two-headed ogre
  7301 | D:9      | Killed a two-headed ogre
  7301 | D:9      | Reached skill level 15 in Crossbows
  7301 | D:9      | Reached skill level 5 in Invocations
  7409 | D:9      | Reached ***** piety under Okawaru
  7623 | D:10     | Entered Level 10 of the Dungeon
  7702 | D:10     | Found a staircase to the Orcish Mines.
  7707 | D:10     | Received a gift from Okawaru
  7840 | D:10     | Noticed a two-headed ogre
  7845 | D:10     | Killed a two-headed ogre
  7998 | D:10     | Reached XP level 11. HP: 93/93 MP: 14/14
  8176 | D:10     | Received a gift from Okawaru
  8334 | D:11     | Killed an unseen horror
  8582 | D:11     | Noticed a two-headed ogre
  8587 | D:11     | Killed a two-headed ogre
  8587 | D:11     | Reached skill level 16 in Crossbows
  8656 | D:11     | Received a gift from Okawaru
  8826 | D:11     | Found Ceiparuf's Gadget Shop.
  8837 | D:11     | Found Ninan's Book Boutique.
  8842 | D:11     | Noticed a two-headed ogre
  8844 | D:11     | Killed a two-headed ogre
  8993 | D:11     | Found Cuiwnap's Gadget Shop.
  9138 | Lair:1   | Entered Level 1 of the Lair of Beasts
  9296 | Lair:1   | Noticed an eight-headed hydra
  9299 | Lair:1   | Killed an eight-headed hydra
  9299 | Lair:1   | Received a gift from Okawaru
  9515 | Lair:1   | Reached ****** piety under Okawaru
  9593 | Lair:1   | Received a gift from Okawaru
  9603 | Lair:1   | Noticed Joseph
  9616 | Lair:1   | Killed Joseph
 10115 | Lair:2   | Reached XP level 12. HP: 71/106 MP: 16/16
 10119 | Lair:2   | Reached skill level 17 in Crossbows
 10287 | Lair:2   | Reached skill level 10 in Fighting
 10290 | Lair:2   | Found a staircase to the Snake Pit.
 10374 | Lair:2   | Noticed a four-headed hydra
 10376 | Lair:2   | Killed a four-headed hydra
 10376 | Lair:2   | Received a gift from Okawaru
 10454 | Lair:2   | You fall through a shaft!
 10649 | Lair:3   | Noticed Harold
 10656 | Lair:3   | Killed Harold
 10656 | Lair:3   | Received a gift from Okawaru
 10726 | Lair:2   | Received a gift from Okawaru
 10831 | Lair:2   | Received a gift from Okawaru
 10834 | Lair:2   | Got a warped triple crossbow {god gift}
 10835 | Lair:2   | Identified the +6 triple crossbow "Nygrokae" {penet, rPois rF+++ Dex+9 Stlth-} (Okawaru gifted it to you on level 2 of the Lair of Beasts)
 11694 | Lair:3   | Reached skill level 18 in Crossbows
 11840 | Lair:3   | Noticed a seven-headed hydra
 11843 | Lair:3   | Killed a seven-headed hydra
 11921 | Lair:3   | Found a deep blue altar of Sif Muna.
 12055 | Lair:3   | Noticed an eight-headed hydra
 12058 | Lair:3   | Killed an eight-headed hydra
 12532 | Lair:4   | Found a staircase to the Shoals.
 12534 | Lair:4   | Received a gift from Okawaru
 12901 | Lair:4   | Received a gift from Okawaru
 12901 | Lair:4   | Reached XP level 13. HP: 73/116 MP: 15/18
 13187 | Lair:5   | Found a burning altar of Makhleb.
 13308 | Lair:5   | Reached skill level 19 in Crossbows
 13310 | Lair:5   | Found a staircase to the Slime Pits.
 13469 | Lair:6   | Entered Level 6 of the Lair of Beasts
 13504 | Lair:6   | HP: 1/116 [six-headed hydra (6)]
 13504 | Lair:6   | Slain by a six-headed hydra

Skill      XL: |  1  2  3  4  5  6  7  8  9 10 11 12 13 |
---------------+----------------------------------------+-----
Crossbows      | 5 6 7 8 9 11 13 14 15 16 18 19 | 19.0
Invocations    | 4 6 7 9 |  9.1
Fighting       | 5 7 9 11 | 11.0
Dodging        | |  2.1
Stealth        | |  0.7

Action                   |  1- 3 |  4- 6 |  7- 9 | 10-12 | 13-15 || total
-------------------------+-------+-------+-------+-------+-------++-------
Melee: Short sword       |     5 |   132 |       |       |       ||   137
       Headbutt          |     1 |    23 |     7 |     1 |       ||    32
       Mace              |       |    16 |    27 |       |       ||    43
       Arbalest          |       |       |       |     1 |       ||     1
       Triple crossbow   |       |       |       |     3 |       ||     3
 Fire: Hand crossbow     |    91 |    16 |       |       |       ||   107
       Arbalest          |       |       |   156 |   376 |       ||   532
       Triple crossbow   |       |       |       |    86 |    58 ||   144
Invok: Heroism           |       |       |     1 |     5 |       ||     6
Evoke: Wand              |       |    11 |    66 |    43 |       ||   120
  Use: Potion            |       |     1 |       |       |       ||     1
       Scroll            |       |       |    21 |    11 |       ||    32
  Eat: Chunk             |     1 |     8 |     9 |    19 |     2 ||    39
Armor: Leather armour    |     8 |    28 |       |       |       ||    36
       Scale mail        |       |     7 |    47 |    79 |    29 ||   162
Dodge: Dodged            |    14 |   103 |    56 |   121 |    34 ||   328
